 Dungeon Crawl Stone Soup version 0.25-a0-258-g6d7e32a812 (webtiles) character file.

Game seed: 2201786694119142369, levelgen mode: deterministic

10619 Essalna the Fighter (level 11, 0/92 HPs)
             Began as a Demonspawn Berserker on Dec 6, 2019.
             Was a High Priest of Trog.
             Slain by a ten-headed hydra (2 damage)
             ... on level 2 of the Lair of Beasts.
             The game lasted 00:26:59 (10251 turns).

Essalna the Fighter (Demonspawn Berserker)         Turns: 10251, Time: 00:27:00

Health: 0/92       AC: 15    Str: 27    XL:     11   Next: 38%
Magic:  3/3        EV: 11    Int:  8    God:    Trog [*****.]
Gold:   655        SH:  0    Dex: 13    Spells: 10/10 levels left

rFire    . . .     SeeInvis +   B - +3 demon blade (antimagic)
rCold    + . .     Gourm    .   (no shield)
rNeg     . . .     Faith    .   i - +0 scale mail
rPois    +         Spirit   .   P - +2 hat {MR+}
rElec    .         Reflect  .   m - +0 cloak {rPois}
rCorr    .         Harm     .   q - +0 pair of gloves
MR       ++...                  (no boots)
Stlth    ..........             (no amulet)
HPRegen  0.25/turn              x - ring of Uheic {Str+6 SInv}
MPRegen  0.08/turn              A - ring of protection from magic

@: no status effects
A: talons 2, molten scales 1, cold resistance 1, demonic guardian 1
a: Berserk, Trog's Hand, Brothers in Arms, Renounce Religion


You were on level 2 of the Lair of Beasts.
You worshipped Trog.
Trog was extremely pleased with you.
You were not hungry.

You visited 2 branches of the dungeon, and saw 10 of its levels.
You also visited: Ossuary.

You collected 655 gold pieces.

Inventory:

Hand Weapons
 a - a +1 falchion
 g - a +2 short sword of venom
 B - a +3 antimagic demon blade (weapon)
Armour
 b - a +0 animal skin
 h - a +0 leather armour
 i - a +0 scale mail (worn)
 m - a +0 cloak of poison resistance (worn)
 q - a +0 pair of gloves (worn)
 G - a +0 pair of boots
 P - a +2 hat of magic resistance (worn)
Jewellery
 x - the ring of Uheic (left hand) {Str+6 SInv}
   (You found it on level 6 of the Dungeon)

   [ring of strength]

   It affects your strength (+6).
   It lets you see invisible.
 A - a ring of protection from magic (right hand)
 F - an uncursed amulet of guardian spirit {unknown}
 H - a +2 ring of strength {unknown}
 O - an uncursed ring of protection from magic
Wands
 C - a wand of flame (20)
 M - a wand of scattershot (5)
 N - a wand of iceblast (2)
Scrolls
 e - 4 scrolls of blinking
 j - a scroll of fog {unknown}
 n - 8 scrolls of remove curse
 o - 7 scrolls of identify
 r - 2 scrolls of enchant weapon
 t - 3 scrolls of teleportation
 y - a scroll of magic mapping {unknown}
 D - a scroll of acquirement {unknown}
 E - 2 scrolls of vulnerability {unknown}
 K - a scroll of fear {unknown}
 L - 2 scrolls of brand weapon {unknown}
Potions
 d - 7 potions of cancellation
 f - 3 potions of lignification
 k - a potion of berserk rage {unknown}
 l - 2 potions of heal wounds {unknown}
 p - 8 potions of curing
 s - a potion of haste {unknown}
 u - a potion of agility {unknown}
 v - 3 potions of degeneration {unknown}
 w - a potion of brilliance {unknown}
 z - a potion of mutation {unknown}
 I - 2 potions of flight {unknown}
 J - 2 potions of invisibility {unknown}
Comestibles
 c - 27 rations


   Skills:
 + Level 10.9 Fighting
 + Level 10.0 Long Blades
 + Level 9.8 Armour
 - Level 1.7 Dodging


You had 10 spell levels left.
You didn't know any spells.
Your spell library was empty.

Dungeon Overview and Level Annotations

Branches:
Dungeon (8/15)             Temple (0/1) D:6            Lair (2/6) D:8
Ossuary (visited)
  Swamp: Lair:2-4    Shoals: Lair:2-4     Snake: Lair:2-4    Spider: Lair:2-4

Altars:
Dithmenos
Nemelex Xobeh
Okawaru
Qazlal
Xom

Shops:
D:5 %


Innate Abilities, Weirdness & Mutations

You have razor-sharp toenails.
You are partially covered in molten scales. (AC +2)
Your flesh is cold resistant. (rC+)
A weak demonic guardian rushes to your aid.


Message History

The nine-headed hydra is severely wounded.
The nine-headed hydra bites you but does no damage. x2
The nine-headed hydra bites you. The nine-headed hydra bites you!
The nine-headed hydra bites you.
The nine-headed hydra barely misses you.
The nine-headed hydra bites you!
The nine-headed hydra bites you but does no damage. x2
You chop one of the nine-headed hydra's heads off!
The eight-headed hydra grows two more!
You slash the ten-headed hydra! You claw the ten-headed hydra.
The ten-headed hydra is severely wounded.
The ten-headed hydra bites you but does no damage. x2
The ten-headed hydra bites you!
* * * LOW HITPOINT WARNING * * *
The ten-headed hydra bites you!
* * * LOW HITPOINT WARNING * * *
The ten-headed hydra bites you!
* * * LOW HITPOINT WARNING * * *
The ten-headed hydra misses you. The ten-headed hydra bites you.
You die...

..........................
#............#...........
#.........##.#...........
#........###.............
#.....P####..............
♣♣##.....#
#...#...........
≈.......###....##..
....... ≈.......##.....#
≈≈........@D...#
≈≈.......###....#
≈........# l....
♣≈≈.....## ..#. ###......
... #P...... .. #....... .
##.....


You could see a ten-headed hydra and a basilisk.

Vanquished Creatures
  Gastronok (Lair:2)
  A two-headed ogre (D:7)
  2 black mambas (Lair:1)
  A torpor snail (Lair:2)
  3 spiny frogs (Lair:1)
  A komodo dragon (Lair:2)
  Prince Ribbit (D:8)
  2 hippogriffs
  Sigmund (D:4)
  6 yaks
  3 fire bats (Lair:2)
  3 water moccasins (Lair:1)
  3 porcupines (Lair:1)
  A sky beast (D:6)
  An ice beast (D:6)
  7 ogres
  3 crocodiles
  3 centaurs
  2 big kobolds
  6 bullfrogs
  A gnoll sergeant (D:6)
  2 water moccasin zombies (Ossuary)
  2 scorpions
  6 killer bees (D:8)
  A howler monkey (D:4)
  An electric eel (Lair:1)
  A crimson imp (D:8)
  A centaur zombie (D:8)
  A bullfrog zombie (D:5)
  2 jellies
  2 orc priests (D:4)
  6 hounds
  Crazy Yiuf (D:3)
  A bullfrog skeleton (D:4)
  An iguana (D:7)
  Terence (D:2)
  Jessica (D:3)
  6 orc wizards
  5 worker ants
  2 big kobold zombies (Ossuary)
  2 mummies (Ossuary)
  Robin (D:3)
  11 adders
  9 gnolls
  3 shadow imps
  2 oozes
  7 adder zombies
  2 adder skeletons
  5 worms
  2 dart slugs
  A leopard gecko (D:7)
  14 orcs
  6 bats
  8 giant cockroaches
  2 gnoll zombies (Ossuary)
  14 goblins
  7 hobgoblins
  10 jackals
  16 kobolds
  3 quokkas
  2 ball pythons
  4 frilled lizards
  3 hobgoblin zombies (Ossuary)
  A jackal zombie (D:5)
  2 kobold zombies (Ossuary)
  A leopard gecko zombie (D:5)
  5 orc zombies (Ossuary)
  A rat (D:1)
239 creatures vanquished.

Vanquished Creatures (collateral kills)
  A spiny frog (Lair:2)
  An ogre (D:6)
  A bullfrog (D:7)
  An iguana (D:5)
  A shadow imp (D:7)
5 creatures vanquished.

Vanquished Creatures (others)
  A fungus (Lair:2)
1 creature vanquished.

Grand Total: 245 creatures vanquished

Notes
Turn   | Place    | Note
-------+----------+-------------------------------------------
     0 | D:1      | Essalna the Demonspawn Berserker began the quest for the
                  | Orb.
     0 | D:1      | Reached XP level 1. HP: 18/18 MP: 1/1
   292 | D:1      | Gained mutation: Your flesh is cold resistant. (rC+)
                  | [demonic ancestry]
   292 | D:1      | Reached XP level 2. HP: 23/24 MP: 2/2
   874 | D:2      | Gained mutation: You have sharp toenails. [demonic
                  | ancestry]
   874 | D:2      | Reached XP level 3. HP: 23/29 MP: 3/3
   966 | D:2      | Found a sparkling altar of Nemelex Xobeh.
  1537 | D:3      | Noticed Terence
  1577 | D:2      | Killed Terence
  1577 | D:2      | Reached XP level 4. HP: 24/37 MP: 4/4
  1767 | D:3      | Found a shimmering altar of Xom.
  2054 | D:3      | Reached ** piety under Trog
  2083 | D:3      | Noticed Robin
  2093 | D:3      | Killed Robin
  2093 | D:3      | Reached XP level 5. HP: 32/42 MP: 5/5
  2265 | D:3      | Noticed Jessica
  2277 | D:3      | Killed Jessica
  2426 | D:3      | Found a runed translucent door.
  2427 | D:3      | Noticed Crazy Yiuf
  2474 | D:3      | Killed Crazy Yiuf
  2918 | D:4      | Reached XP level 6. HP: 49/49 MP: 6/6
  2930 | D:4      | Noticed Sigmund
  2946 | D:4      | Killed Sigmund
  2946 | D:4      | Reached skill level 5 in Fighting
  3246 | D:4      | Reached XP level 7. HP: 33/56 MP: 7/7
  3252 | D:4      | Reached *** piety under Trog
  3480 | D:4      | Reached skill level 5 in Long Blades
  3527 | D:4      | Found a stormy altar of Qazlal.
  3840 | D:5      | Entered Level 5 of the Dungeon
  3992 | D:5      | Reached skill level 5 in Armour
  4114 | D:5      | Gained mutation: A weak demonic guardian rushes to your
                  | aid. [demonic ancestry]
  4114 | D:5      | Reached XP level 8. HP: 57/64 MP: 8/8
  4138 | D:5      | Found a shadowy altar of Dithmenos.
  4214 | D:5      | Found Vaoweral's Food Emporium.
  4987 | D:6      | Found an iron altar of Okawaru.
  5000 | D:6      | Got a twitching granite ring
  5001 | D:6      | Identified the ring of Uheic {Str+6 SInv} (You found it on
                  | level 6 of the Dungeon)
  5027 | D:6      | Found a staircase to the Ecumenical Temple.
  5098 | D:6      | Reached **** piety under Trog
  5547 | D:7      | Noticed a two-headed ogre
  5567 | D:7      | Killed a two-headed ogre
  5567 | D:7      | Reached XP level 9. HP: 52/74 MP: 9/9
  6025 | D:7      | Found a sand-covered staircase.
  6132 | Ossuary  | Entered an ossuary
  6224 | Ossuary  | Reached ***** piety under Trog
  6224 | Ossuary  | Received a gift from Trog
  6891 | D:8      | Gained mutation: You are partially covered in molten
                  | scales. (AC +2) [demonic ancestry]
  6891 | D:8      | Reached XP level 10. HP: 39/82 MP: 3/10
  7220 | D:8      | Found a staircase to the Lair.
  7229 | D:8      | Noticed Prince Ribbit
  7233 | D:8      | Killed Prince Ribbit
  7378 | D:8      | Received a gift from Trog
  8147 | Lair:1   | Entered Level 1 of the Lair of Beasts
  8167 | Lair:1   | Noticed a spiny frog
  8171 | Lair:1   | Killed a spiny frog
  8248 | Lair:1   | Noticed a black mamba
  8254 | Lair:1   | Killed a black mamba
  8260 | Lair:1   | Noticed a spiny frog
  8265 | Lair:1   | Killed a spiny frog
  8292 | Lair:1   | Noticed a spiny frog
  8298 | Lair:1   | Killed a spiny frog
  8806 | Lair:1   | Noticed a black mamba
  8817 | Lair:1   | Killed a black mamba
  8817 | Lair:1   | Reached skill level 10 in Fighting
  9264 | Lair:2   | Noticed a spiny frog
  9269 | Lair:2   | Killed a spiny frog
  9284 | Lair:2   | Noticed Gastronok
  9564 | Lair:2   | Killed Gastronok
  9564 | Lair:2   | Gained mutation: You have razor-sharp toenails. [demonic
                  | ancestry]
  9564 | Lair:2   | Reached XP level 11. HP: 50/92 MP: 3/11
  9786 | Lair:2   | Noticed an eight-headed hydra
  9998 | Lair:2   | Reached skill level 10 in Long Blades
 10243 | Lair:2   | Noticed a five-headed hydra
 10251 | Lair:2   | HP: 2/92 [ten-headed hydra (8)]
 10251 | Lair:2   | Slain by a ten-headed hydra

Levels and vault maps discovered:
D:1:      shiori_arrival_elements, layout_basic, serial_glass, glass_columns_a,
          glass_columns_a, glass_columns_b, glass_columns_c, glass_columns_b,
          glass_columns_b, glass_columns_a, glass_columns_a, chequers_garden,
          serial_park_tiny_2, minmay_misc_feat_tower
D:2:      layout_basic, first_ration, nemelex_diamond_rough_becter
D:3:      minmay_recursive_quarters, layout_basic, overflow_temple_1_default,
          uniq_terence, uniq_crazy_yiuf_cottage, uniq_robin, uniq_jessica
D:4:      layout_basic, grunt_qazlal_sundering, minmay_bent, uniq_sigmund
D:5:      layout_basic, old_standard_altar, serial_shops, shop
D:6:      layout_loops_cross, minmay_temple_entry_arrows,
          okawaru_ov_weapons_minmay
D:7:      layout_loops_cross, nicolae_ossuary_entry_false_entrances
D:8:      layout_layer_cave, lair_entry_dummy, uniq_prince_ribbit1
Lair:1:   layout_regular_city, wad_woods_road_03, serial_bayou_ford_a,
          chequers_serial_rivers_small_3, minivault_27
Lair:2:   layout_gridlike, minmay_snake_entry_guardpost_medium,
          lemuel_fruit_fields, serial_bayou_shore_b, lemuel_fruit_tree,
          uniq_gastronok

Skill      XL: |  1  2  3  4  5  6  7  8  9 10 11 |
---------------+----------------------------------+-----
Armour         | 2 3 4 5 6 7 9 |  9.8
Long Blades    | 3 4 5 7 8 9 10 | 10.0
Fighting       | 4 5 6 7 8 10 | 10.9
Dodging        | |  1.7

Action                   |  1- 3 |  4- 6 |  7- 9 | 10-12 || total
-------------------------+-------+-------+-------+-------++-------
Melee: Falchion          |    73 |       |       |       ||    73
       Kick              |     9 |    49 |   147 |    69 ||   274
       Short sword       |       |   164 |   332 |       ||   496
       Demon blade       |       |       |    79 |   138 ||   217
Invok: Berserk           |     1 |     1 |       |       ||     2
  Use: Scroll            |    10 |       |       |       ||    10
       Potion            |     1 |     1 |       |       ||     2
 Stab: Distracted        |       |       |     1 |       ||     1
  Eat: Chunk             |     1 |     4 |    13 |     4 ||    22
       Ration            |       |     1 |       |     2 ||     3
Armor: Animal skin       |     4 |       |       |       ||     4
       Leather armour    |     9 |       |       |       ||     9
       Scale mail        |       |    79 |   168 |    74 ||   321
Dodge: Dodged            |    47 |   107 |   207 |    79 ||   440
       Rpst.: Falchion   |    13 |       |       |       ||    13
       Demon blade       |       |       |    11 |    25 ||    36

Table legend:
 A = Non-vault XP
 B = Vault XP
 C = Vault XP percentage of total XP
 D = Non-vault monster count
 E = Vault monster count
 F = Vault count percentage of total count
                 A         B        C        D         E       F
            +---------+---------+-------+---------+---------+-------
      Total |   11815 |    3355 |  22.1 |     185 |      59 |  24.2
            +---------+---------+-------+---------+---------+-------
        D:1 |      20 |       0 |   0.0 |      10 |       0 |   0.0
        D:2 |      47 |      38 |  44.7 |      10 |       1 |   9.1
        D:3 |      82 |     154 |  65.3 |      20 |      24 |  54.5
        D:4 |     411 |     344 |  45.6 |      26 |       8 |  23.5
        D:5 |     722 |       0 |   0.0 |      19 |       0 |   0.0
        D:6 |     839 |       0 |   0.0 |      18 |       0 |   0.0
        D:7 |    1993 |       0 |   0.0 |      33 |       0 |   0.0
        D:8 |    1315 |     286 |  17.9 |      21 |       1 |   4.5
     Lair:1 |    3921 |       0 |   0.0 |      17 |       0 |   0.0
     Lair:2 |    2465 |    2240 |  47.6 |      11 |       1 |   8.3
    Ossuary |       0 |     293 | 100.0 |       0 |      24 | 100.0
            +---------+---------+-------+---------+---------+-------
